 Dungeon Crawl Stone Soup version 0.17.2-1-ge4368a0 (webtiles) character file.

49 tidbits the Insei (level 3, -1/27 HPs)
             Began as a Demigod Transmuter on Sept 21, 2017.
             Slain by an ooze (4 damage)
             ... on level 1 of the Dungeon.
             The game lasted 00:05:52 (502 turns).

tidbits the Insei (Demigod Transmuter)               Turns: 502, Time: 00:05:52

Health: -1/27      AC:  2    Str: 13    XL:     3   Next: 32%
Magic:  3/9        EV: 20    Int: 19    God:
Gold:   81         SH:  0    Dex: 21    Spells: 3 memorised, 0 levels left

rFire  . . .     SeeInvis .       - Unarmed
rCold  . . .     Clarity  .     (armour currently unavailable)
rNeg   . . .     SustAt   +     (shield currently unavailable)
rPois  x         Gourm    .     (helmet currently unavailable)
rElec  .         Spirit   .     (cloak currently unavailable)
rCorr  .         Warding  .     (gloves currently unavailable)
rMut   .         Rnd*Tele +     (boots currently unavailable)
MR     .....                    (no amulet)
Stlth  ++........               (no ring)
                                k - ring of teleportation (curse)

@: spider-form, very slightly contaminated, not resistant to hostile
enchantments, unstealthy
A: high mp 1, sustain attributes
a: End Transformation, Evoke Teleportation


You were on level 1 of the Dungeon.
You were not hungry.
You were a venomous arachnid creature.
You visited 1 branch of the dungeon, and saw 3 of its levels.

You collected 81 gold pieces.

Inventory:

Hand Weapons
 b - a +0 hunting sling
   (You took it off a goblin on level 2 of the Dungeon)
Missiles
 a - 8 arrows
 e - 18 arrows of flame
 l - 43 stones (quivered)
Armour
 B - a +0 robe (melded)
 C - a +0 cloak (melded)
   (You found it on level 2 of the Dungeon)
 E - a +0 helmet (melded)
   (You found it on level 1 of the Dungeon)
Jewellery
 k - a cursed ring of teleportation (left front leg)
   (You found it on level 1 of the Dungeon)
Scrolls
 g - a scroll of identify {unknown}
 i - a scroll of teleportation {unknown}
 j - a scroll of amnesia {unknown}
Potions
 h - a potion of might {unknown}
Books
 c - a book of Changes

   Spells                             Type                      Level
   a - Beastly Appendage              Transmutation                1
   b - Sticks to Snakes               Transmutation                2
   c - Spider Form                    Transmutation/Poison         3
   d - Ice Form                       Ice/Transmutation            4
   e - Blade Hands                    Transmutation                5
Comestibles
 d - a bread ration
 f - a meat ration


   Skills:
 - Level 0.8 Fighting
 - Level 1.7 Dodging
 + Level 3.3 Unarmed Combat
 + Level 2.2 Spellcasting
 + Level 2.5 Transmutations


You couldn't memorise any spells.
You knew the following spells:

 Your Spells              Type           Power        Failure   Level  Hunger
e - Beastly Appendage     Trmt           ##....       21%         1    #......
k - Sticks to Snakes      Trmt           ##........   24%         2    ##.....
p - Spider Form           Trmt/Pois      #.........   56%         3    ###....


Dungeon Overview and Level Annotations

Branches:
Dungeon (3/15)


Innate Abilities, Weirdness & Mutations

You have an increased reservoir of magic (+10% MP).
Your attributes are resistant to harm.


Message History

Your ball python bites Ijyb but does no damage.
Ijyb hits your ball python with a club.
Your ball python dies!
Ijyb shouts!
You hit Ijyb but do no damage. You claw Ijyb, but do no damage.
Ijyb is almost dead.
Your ball python bites Ijyb but does no damage.
Your ball python constricts Ijyb.
Ijyb screams at your ball python, "You nasty!
Big nasty!"
Ijyb hits your ball python but does no damage.
You hit Ijyb but do no damage. You claw Ijyb.
Ijyb is almost dead.
Your ball python bites Ijyb but does no damage.
Your ball python constricts Ijyb.
You hit Ijyb but do no damage. You claw Ijyb, but do no damage.
Ijyb is almost dead.
Your ball python bites Ijyb but does no damage.
Your ball python constricts Ijyb.
Ijyb hits you with a club.
* * * LOW HITPOINT WARNING * * *
Your ball python bites Ijyb but does no damage.
Your ball python constricts Ijyb.
You hit Ijyb.
You kill Ijyb!
You have reached level 3!
Your experience leads to an increase in your attributes!
Increase (S)trength, (I)ntelligence, or (D)exterity?
You feel clever. x2
Unknown command.
Memorise Spider Form, consuming 3 spell levels and leaving 0?
You start memorising the spell.
You continue memorising.
You continue memorising. x2
Your ball python withers and dies!
You finish memorising.
Spell assigned to 'p'.
Wield which item (- for none, * to show all)? (? for menu, Esc to quit)
a - 8 arrows (in hand)
You swing at nothing.
Your talons disappear.
You swing at nothing.
You swing at nothing.
You swing at nothing.
You swing at nothing.
You swing at nothing.
You swing at nothing.
You swing at nothing.
You swing at nothing.
You swing at nothing.
You swing at nothing.
You swing at nothing.
You swing at nothing.
You swing at nothing.
You swing at nothing.
You swing at nothing.
You swing at nothing.
You swing at nothing.
You swing at nothing.
You swing at nothing.
You swing at nothing.
You swing at nothing.
You swing at nothing.
You swing at nothing.
You swing at nothing.
You swing at nothing.
You swing at nothing.
You swing at nothing.
You swing at nothing.
You swing at nothing.
You swing at nothing.
You swing at nothing.
Wield which item (- for none, * to show all)? (? for menu, Esc to quit)
You are now empty-handed.
You see here a fuming clear potion.
h - a fuming clear potion
There is a stone staircase leading up here.
You climb upwards.
An ooze comes into view.
There is a stone staircase leading down here.
Casting: Sticks to Snakes
Confirm with . or Enter, or press ? or * to list all spells.
You miscast Spider Form.
You are very lightly contaminated with residual magic.
Nothing appears to happen.
Casting: Spider Form
Confirm with . or Enter, or press ? or * to list all spells.
You turn into a venomous arachnid creature.
Your +0 cloak melds into your body.
Your +0 helmet melds into your body.
Your +0 robe melds into your body.
You bite the ooze!
The ooze is heavily wounded.
The ooze hits you.
* * * LOW HITPOINT WARNING * * *
You hit the ooze but do no damage.
The ooze is heavily wounded.
The ooze closely misses you.
You hit the ooze but do no damage.
The ooze is poisoned.
The ooze is heavily wounded.
The ooze misses you.
You hit the ooze but do no damage.
The ooze looks even sicker.
The ooze is severely wounded.
The ooze hits you.
You die...

### ##.##
###.###.>.##
#.....Js...#
#.#.###...##
##.## #.#
... #.## #..
##


You could see an ooze.

Vanquished Creatures
  Ijyb (D:2)
  2 giant geckos
  A giant cockroach (D:2)
  3 hobgoblins (D:1)
  4 bats
  2 giant newts
  6 goblins
  3 kobolds
  3 rats
25 creatures vanquished.

Vanquished Creatures (collateral kills)
  A hobgoblin (D:2)
1 creature vanquished.

Grand Total: 26 creatures vanquished

Notes
Turn   | Place    | Note
--------------------------------------------------------------
     0 | D:1      | tidbits the Demigod Transmuter began the quest for the Orb.
     0 | D:1      | Reached XP level 1. HP: 15/15 MP: 5/5
    52 | D:1      | Reached skill level 2 in Transmutations
    67 | D:1      | Found a shimmering altar of Xom.
   115 | D:1      | Reached XP level 2. HP: 4/22 MP: 4/7
   119 | D:1      | Learned a level 2 spell: Sticks to Snakes
   167 | D:1      | Reached skill level 2 in Spellcasting
   197 | D:2      | Reached skill level 3 in Unarmed Combat
   246 | D:2      | Found a snail-covered altar of Cheibriados.
   348 | D:2      | Found a white marble altar of Elyvilon.
   390 | D:2      | Noticed Ijyb
   445 | D:2      | HP: 1/22 [Ijyb/club (3)]
   446 | D:2      | Killed Ijyb
   446 | D:2      | Reached XP level 3. HP: 1/27 MP: 2/9
   451 | D:2      | Learned a level 3 spell: Spider Form
   502 | D:1      | Slain by an ooze

Action                   || total
-------------------------++-------
Melee: Unarmed           ||    98
 Fire: Hunting sling     ||     8
 Cast: Beastly Appendage ||    19
       Sticks to Snakes  ||     4
       Spider Form       ||     1
  Use: Potion            ||     1

Table legend:
 A = Turns spent in this place as a percentage of turns spent in the entire game.
 B = Non-inter-level travel turns spent in this place as a percentage of non-inter-level travel turns spent in the entire game.
 C = Inter-level travel turns spent in this place as a percentage of turns spent in this place.
 D = Turns resting spent in this place as a percentage of non-inter-level travel turns spent in this place.
 E = Turns spent auto-exploring this place as a percentage of non-inter-level travel turns spent in this place.
 F = Non-inter-level travel turns spent in this place divided by the number of levels of this place that you've seen.
                   A       B       C       D       E      F
               +-------+-------+-------+-------+-------+----------------------
         Total | 100.0 | 100.0 |   0.0 |   0.0 |   0.0 | 158.0
       Dungeon | 100.0 | 100.0 |   0.0 |   0.0 |   0.0 | 158.0
               +-------+-------+-------+-------+-------+----------------------

Table legend:
 A = Kills in this place as a percentage of kills in entire the game.
 B = Kills by you in this place as a percentage of kills by you in the entire game.
 C = Kills by friends in this place as a percentage of kills by friends in the entire game.
 D = Other kills in this place as a percentage of other kills in the entire game.
 E = Experience gained in this place as a percentage of experience gained in the entire game.
 F = Experience gained in this place divided by the number of levels of this place that you have seen.
                   A       B       C       D       E      F
               +-------+-------+-------+-------+-------+----------------------
         Total | 100.0 | 100.0 | 100.0 |  -nan | 100.0 |  23.3
       Dungeon | 100.0 | 100.0 | 100.0 |  -nan | 100.0 |  23.3
               +-------+-------+-------+-------+-------+----------------------

Vault maps used:
D:1:      evilmike_arrival_run_for_it, xom_teletrap_fun
D:2:      bloody_trog, elyvilon_altar_3, cheibriados_altar_1, uniq_iyjb
D:3:      amethyst_overflow_temple_binary, nicolae_qazlal_eye_of_the_storm,
          nicolae_overflow_crystal_walls, minivault_5
